 Dungeon Crawl Stone Soup version 0.23.2-33-g5129a83 (webtiles) character file.

Game seed: 7876856530557317489

15941 Blurfengurdl the Severer (level 12, -2/157 HPs)
             Began as a Hill Orc Fighter on June 26, 2019.
             Was an Elder of Beogh.
             Slain by an ettin
             ... wielding a +0 dire flail
              (15 damage)
             ... on level 1 of the Orcish Mines.
             The game lasted 01:31:56 (14005 turns).

Blurfengurdl the Severer (Hill Orc Fighter)        Turns: 14005, Time: 01:31:57

Health: -2/157     AC: 28    Str: 21    XL:     12   Next: 32%
Magic:  14/14      EV:  2    Int:  8    God:    Beogh [****..]
Gold:   645        SH: 13    Dex: 13    Spells: 11/11 levels left

rFire    . . .     SeeInvis .   a - +2 war axe (flame)
rCold    . . .     Gourm    .   c - +1 shield
rNeg     + + +     Faith    .   (armour currently unavailable)
rPois    +         Spirit   .   (helmet currently unavailable)
rElec    .         Reflect  .   (cloak currently unavailable)
rCorr    .         Harm     .   (gloves currently unavailable)
MR       .....     NoTele   +   (boots currently unavailable)
Stlth    ++........             (no amulet)
HPRegen  0.36/turn              F - ring of stealth
MPRegen  0.14/turn              I - +2 ring of protection

@: tree-form
A: no striking features
a: Smiting, Recall Orcish Followers, Renounce Religion


You were on level 1 of the Orcish Mines.
You worshipped Beogh.
Beogh was greatly pleased with you.
You were hungry.
You were a tree.
You visited 3 branches of the dungeon, and saw 13 of its levels.

You collected 855 gold pieces.
You spent 210 gold pieces at shops.

Inventory:

Hand Weapons
 a - a +2 war axe of flaming (weapon)
 b - a +6 hunting sling of flaming
 H - a +3 war axe
 M - a +0 hand crossbow
Missiles
 i - 288 stones
 n - 63 sling bullets
 u - 233 arrows
 w - 21 tomahawks (quivered)
 J - 2 throwing nets
Armour
 c - a +1 shield (worn)
 d - a +0 pair of boots (melded)
 q - a +0 ring mail of poison resistance
 y - a +2 pair of gloves (melded)
 C - a +0 plate armour (melded)
 E - a +0 ring mail of cold resistance
Jewellery
 F - a ring of stealth (left branch)
 I - a +2 ring of protection (right branch)
Wands
 g - a wand of random effects (12)
 A - a wand of iceblast (17)
 K - a wand of enslavement (7)
Scrolls
 k - 3 scrolls of fear
 m - 3 scrolls of amnesia
 o - 12 scrolls of identify
 p - 3 scrolls of remove curse
 v - 4 scrolls of teleportation
 G - 2 scrolls of fog
 N - a scroll of blinking
Potions
 h - a potion of agility
 j - a potion of magic
 l - 5 potions of flight
 t - a potion of invisibility
 x - a potion of mutation {unknown}
 B - 3 potions of haste
 D - a potion of brilliance
 L - a potion of curing
Miscellaneous
 e - a box of beasts
 r - a phial of floods
Comestibles
 f - 20 rations
 s - a chunk of flesh


   Skills:
 + Level 9.5 Fighting
 * Level 16.7 Axes
 * Level 10.0 Armour
 - Level 0.4 Stealth
 * Level 9.6 Shields
 + Level 3.9 Invocations


You had 11 spell levels left.
You didn't know any spells.
Your spell library contained the following spells:

 Spells                   Type           Power        Failure   Level  Hunger
 Sting                    Conj/Pois      #...         65%         1    ##.....
 Poisonous Vapours        Pois/Air       #.....       78%         2    ###....
 Mephitic Cloud           Conj/Pois/Air  #.......     95%         3    ####...
 Olgreb's Toxic Radiance  Pois           #.......     100%        4    #####..
 Summon Lightning Spire   Summ/Air       #.......     100%        4    #####..
 Silence                  Hex/Air        #.........   100%        5    ######.
 Venom Bolt               Conj/Pois      #.........   100%        5    ######.
 Conjure Ball Lightning   Conj/Air       #.........   100%        6    #######
 Deflect Missiles         Chrm/Air       #.........   100%        6    #######
 Tornado                  Air            #.........   100%        9    #######


Dungeon Overview and Level Annotations

Branches:
Dungeon (11/15)            Temple (0/1) D:6            Lair (1/6) D:8
    Orc (1/2) D:9

Altars:
Ashenzari
Hepliaklqana
Kikubaaqudgha
Ru
Uskayaw

Shops:
D:6 ?

Annotations:
D:4 !Dowan and Duvessa, Dowan, Duvessa
Lair:1 1 runed translucent door, peaced01's ghost, journeyman HuFE


Message History

The ettin is smitten.
You hit the ettin but do no damage.
The ettin is severely wounded.
You are feeling hungry.
Things that are here:
a +0 giant club; an ogre skeleton You turn into a tree.
Your +2 pair of gloves melds into your body.
Your +0 pair of boots melds into your body.
Your +0 plate armour melds into your body.
Your roots penetrate the ground.
You block the ettin's attack.
The ettin hits you with a +0 dire flail of protection.
* * * LOW HITPOINT WARNING * * *
Your orc hits the ettin but does no damage.
You hit the ettin. You burn the ettin.
The ettin is severely wounded.
The ettin hits you with a +0 dire flail!
* * * LOW HITPOINT WARNING * * *
The ettin hits you with a +0 dire flail of protection!
You die...

.....$..............
.#.............#.....
#....................
..........$....##....
).##...).............
.............).....$.
..........oo........#
...#...><.C).........
..........♣..........
.................)...
..............#.#...
.............######.
...........###
#.#........#
##..........
..........


You could see an ettin, a friendly orc priest and a friendly orc.

Vanquished Creatures
  Josephine (D:10)
  A hydra (Lair:1)
  2 two-headed ogres
  A deep elf mage (D:10)
  An ugly thing (D:11)
  An oklob plant (Lair:1)
  Joseph (D:10)
  A gargoyle (D:11)
  A spiny frog (Lair:1)
  2 centaur skeletons (D:11)
  2 trolls
  2 hippogriffs
  6 wraiths
  8 yaks
  A wyvern (D:9)
  A basilisk (Lair:1)
  Menkaure (D:7)
  A water moccasin (Lair:1)
  2 ice beasts (D:10)
  5 porcupines
  3 sky beasts
  3 black bears (D:8)
  6 orc warriors
  2 phantoms
  An eye of draining (D:10)
  A necrophage (D:8)
  6 centaurs
  7 ogres
  3 big kobolds (D:9)
  5 gnoll sergeants
  14 bullfrogs
  2 scorpions
  7 killer bees
  3 wights (D:8)
  3 electric eels
  3 crimson imps
  A bullfrog zombie (D:5)
  3 hounds
  4 jellies
  13 orc wizards
  2 orc priests
  2 bullfrog skeletons (D:10)
  5 iguanas
  Natasha (D:2)
  6 worker ants
  2 hound skeletons
  2 worker ant zombies
  8 adders
  3 gnolls (D:9)
  A shadow imp (D:6)
  An adder skeleton (D:7)
  An adder zombie (D:5)
  A worm (D:2)
  4 leopard geckos
  36 orcs
  2 ball pythons
  2 bats (D:2)
  5 giant cockroaches
  5 goblins
  2 hobgoblins
  2 jackals (D:3)
  2 quokkas
  4 frilled lizards
  6 kobolds
  A leopard gecko skeleton (D:9)
  A leopard gecko zombie (D:6)
  5 rats
  A plant (Lair:1)
244 creatures vanquished.

Vanquished Creatures (collateral kills)
  An ugly thing (D:11)
  A centaur skeleton (D:11)
  A troll (D:11)
  A hungry ghost (D:11)
  An orc warrior (D:11)
  An electric eel (D:10)
  A crimson imp (D:11)
  An orc wizard (Orc:1)
  An orc (D:11)
9 creatures vanquished.

Vanquished Creatures (others)
  An orc warrior (D:10)
  An orc priest (D:4)
  8 orcs
  14 fungi (D:8)
24 creatures vanquished.

Grand Total: 277 creatures vanquished

Notes
Turn   | Place    | Note
-------+----------+-------------------------------------------
     0 | D:1      | Blurfengurdl the Hill Orc Fighter began the quest for the
                  | Orb.
     0 | D:1      | Reached XP level 1. HP: 19/19 MP: 1/1
   455 | D:1      | Reached XP level 2. HP: 25/27 MP: 2/2
   860 | D:2      | Reached skill level 3 in Axes
  1085 | D:2      | Reached XP level 3. HP: 33/33 MP: 3/3
  1114 | D:2      | Noticed Natasha
  1124 | D:2      | Killed Natasha
  1574 | D:2      | Found a sacrificial altar of Ru.
  1578 | D:2      | Found a shattered altar of Ashenzari.
  1584 | D:2      | Found a hazy altar of Hepliaklqana.
  1584 | D:2      | Found a hide-covered altar of Uskayaw.
  1588 | D:2      | Found an ancient bone altar of Kikubaaqudgha.
  1974 | D:3      | Reached XP level 4. HP: 38/40 MP: 4/4
  2118 | D:3      | Reached skill level 4 in Axes
  2636 | D:4      | Became a worshipper of Beogh the Brigand
  2842 | D:4      | Noticed Duvessa
  3208 | D:4      | Noticed Dowan
  3281 | D:5      | Entered Level 5 of the Dungeon
  3485 | D:5      | Reached XP level 5. HP: 30/47 MP: 5/5
  3493 | D:5      | Reached skill level 5 in Axes
  4067 | D:5      | Reached XP level 6. HP: 45/53 MP: 6/6
  4154 | D:5      | Reached skill level 6 in Axes
  4917 | D:6      | Found a staircase to the Ecumenical Temple.
  4957 | D:6      | Noticed a phantom
  4980 | D:6      | Killed a phantom
  4980 | D:6      | Reached skill level 5 in Fighting
  4980 | D:6      | Reached skill level 7 in Axes
  4980 | D:6      | Reached XP level 7. HP: 55/61 MP: 7/7
  5106 | D:6      | Found Abrar's Magic Scroll Shop.
  5142 | D:6      | Bought a scroll of enchant armour for 105 gold pieces
  5142 | D:6      | Bought a scroll of enchant armour for 105 gold pieces
  5395 | D:6      | Reached skill level 5 in Armour
  5409 | D:7      | Noticed Menkaure
  5472 | D:7      | Reached skill level 8 in Axes
  5567 | D:7      | Reached * piety under Beogh
  5942 | D:7      | Killed Menkaure
  5942 | D:7      | Reached XP level 8. HP: 11/69 MP: 8/8
  6263 | D:7      | Reached skill level 9 in Axes
  6498 | D:7      | Reached skill level 5 in Shields
  7106 | D:7      | Reached skill level 10 in Axes
  7592 | D:8      | Reached XP level 9. HP: 77/77 MP: 9/9
  7837 | D:8      | Reached skill level 11 in Axes
  8097 | D:8      | Found a staircase to the Lair.
  8138 | D:8      | Reached ** piety under Beogh
  8138 | D:8      | Reached skill level 12 in Axes
  8773 | D:9      | Reached XP level 10. HP: 85/86 MP: 10/10
  8837 | D:9      | Reached skill level 13 in Axes
  9080 | D:9      | Found a staircase to the Orcish Mines.
  9513 | D:9      | Reached skill level 14 in Axes
 10087 | D:10     | Entered Level 10 of the Dungeon
 10119 | D:10     | Reached *** piety under Beogh
 10190 | D:10     | Noticed a two-headed ogre
 10202 | D:10     | Killed a two-headed ogre
 10208 | D:10     | Noticed a deep elf mage
 10239 | D:10     | Killed a deep elf mage
 10239 | D:10     | Reached skill level 15 in Axes
 10239 | D:10     | Reached XP level 11. HP: 43/94 MP: 11/11
 10833 | D:10     | Reached skill level 1 in Invocations
 10874 | D:10     | Noticed Joseph
 10893 | D:10     | Killed Joseph
 11131 | D:10     | Noticed Josephine
 11148 | D:10     | Killed Josephine
 11938 | D:11     | Noticed a white ugly thing
 11955 | D:11     | Killed a white ugly thing
 11955 | D:11     | Reached skill level 16 in Axes
 12347 | D:11     | Noticed a red ugly thing
 12354 | D:11     | Killed a red ugly thing
 12568 | D:11     | Noticed a two-headed ogre
 12581 | D:11     | Killed a two-headed ogre
 12582 | D:11     | Reached **** piety under Beogh
 13105 | Lair:1   | Entered Level 1 of the Lair of Beasts
 13127 | Lair:1   | Reached XP level 12. HP: 101/104 MP: 14/14
 13405 | Lair:1   | Noticed an eight-headed hydra
 13414 | Lair:1   | Killed a five-headed hydra
 13435 | Lair:1   | Found a runed translucent door.
 13437 | Lair:1   | Noticed peaced01's ghost (journeyman HuFE)
 13554 | Lair:1   | Reached skill level 10 in Armour
 13966 | Orc:1    | Entered Level 1 of the Orcish Mines
 13990 | Orc:1    | Noticed an ettin
 14005 | Orc:1    | Slain by an ettin

Skill      XL: |  1  2  3  4  5  6  7  8  9 10 11 12 |
---------------+-------------------------------------+-----
Axes           | 3 4 5 7 8 10 12 15 16 | 16.7
Fighting       | 4 5 6 7 8 9 |  9.5
Armour         | 4 5 6 7 9 10 | 10.0
Shields        | 4 5 6 7 9 |  9.6
Invocations    | 3 |  3.9
Stealth        | |  0.4

Action                   |  1- 3 |  4- 6 |  7- 9 | 10-12 || total
-------------------------+-------+-------+-------+-------++-------
Melee: War axe           |    66 |   182 |   401 |   498 ||  1147
 Fire: Hunting sling     |     4 |    28 |    47 |    47 ||   126
Throw: Stone             |     5 |     1 |       |       ||     6
       Tomahawk          |       |       |    11 |    12 ||    23
Invok: Convert to Beogh  |       |     1 |       |       ||     1
       Smiting           |       |       |       |     2 ||     2
  Use: Potion            |     6 |     4 |     5 |     2 ||    17
       Scroll            |     4 |     2 |    10 |     2 ||    18
 Stab: Distracted        |       |       |       |     2 ||     2
  Eat: Chunk             |     3 |     3 |     8 |    12 ||    26
       Ration            |       |     2 |     1 |     2 ||     5
Armor: Scale mail        |    20 |    31 |       |       ||    51
       Chain mail        |       |    39 |   118 |       ||   157
       Skin              |       |       |     5 |       ||     5
       Plate armour      |       |       |    72 |   218 ||   290
Dodge: Dodged            |    27 |    42 |    86 |    49 ||   204
Block: Shield            |    30 |    93 |   201 |   220 ||   544
